Map: Triton LE

Players

Gerald

  • Race: Protoss Protoss
  • Spawn Location: 5:00

SortOf - Winner!

  • Race: Zerg Zerg
  • League: Platinum
  • Spawn Location: 11:00

VOD

Have the link to the VOD?

Description

Time

  • Played on: Sept. 7, 2019, 9:44 a.m.
  • Length: 7:56
Show
View Real Time Build Order
Export as new Build Order

Gerald Protoss 

Build Orders: 1 Gate Expand, Zealot Archon, Archon Drop, Dark Templar Rush 

Get SALT Encoding   

  12  0:00  Probe  
  13  0:12  Probe  
  14  0:20  Pylon  
  14  0:25  Probe  
  14  0:28  Assimilator  
  15  0:38  Probe  
  16  0:44  Gateway  
  16  0:46  Probe  
  16  0:54  Probe  
  18  1:04  Probe  
  19  1:16  Probe  
  20  1:23  Nexus  
  20  1:34  Cybernetics Core  
  20  1:36  Probe  
  21  1:42  Assimilator  
  21  1:48  Probe  
  21  1:51  Pylon  
  22  2:01  Probe, Adept  
  23  2:13  Probe  
  23  2:14  Twilight Council  
  26  2:18  Warp Gate  
  26  2:21  Stalker  
  26  2:25  Probe  
  29  2:37  Probe  
  29  2:43  Probe  
  31  2:49  Probe  
  32  2:53  Robotics Facility  
  32  2:55  Probe  
  33  3:02  Pylon  
  33  3:03  Probe  
  34  3:07  Probe  
  35  3:15  Probe  
  35  3:17  Dark Shrine  
  35  3:19  Probe  
  37  3:24  Gateway  
  37  3:27  Probe  
  37  3:31  Probe  
  39  3:36  Gateway  
  39  3:38  Warp Prism, Gateway  
  39  3:39  Probe  
  40  3:43  Probe  
  41  3:52  Probe  
  44  3:55  Assimilator  
  44  3:57  Pylon  
  44  4:00  Assimilator  
  44  4:02  Probe  
  45  4:04  Warp Prism  
  45  4:13  Probe  
  45  4:14  Probe  
  47  4:25  Probe  
  47  4:26  Pylon  
  47  4:27  Probe  
  49  4:37  Dark Templar x3  
  56  4:39  Dark Templar  
  56  4:41  Probe  
  58  4:46  Probe  
  58  4:48  Pylon  
  59  5:17  Dark Templar x3  
  59  5:20  Gateway  
  59  5:21  Dark Templar  
  67  5:22  Gateway  
  67  5:28  Charge  
  67  5:34  Immortal  
  53  5:47  Probe  
  54  5:52  Archon  
  51  6:02  Archon x2  
  50  6:04  Probe x2  
  50  6:06  Archon  
  52  6:18  Zealot x6  
  64  6:20  Probe x2  
  66  6:32  Probe  
  66  6:33  Probe  
  68  6:43  Zealot x5  
  68  6:46  Pylon  
  78  6:51  Pylon  
  78  7:06  Dark Templar  
  74  7:28  Zealot x5  
  46  7:47  Zealot  
Show
View Real Time Build Order
Export as new Build Order

SortOf Zerg - Winner!

Build Orders: Hatch First 

Get SALT Encoding   

  12  0:00  Drone  
  13  0:13  Overlord  
  13  0:18  Drone  
  14  0:32  Drone x2  
  16  0:48  Hatchery  
  15  0:51  Drone  
  15  0:55  Drone  
  17  0:58  Drone  
  18  1:10  Extractor  
  17  1:13  Spawning Pool  
  17  1:15  Drone  
  17  1:19  Drone  
  18  1:29  Drone  
  19  1:39  Drone  
  20  1:50  Overlord  
  19  1:59  Queen  
  19  2:00  Queen  
  19  2:01  Zergling x4  
  25  2:11  Drone x2  
  25  2:14  Metabolic Boost  
  27  2:21  Drone  
  27  2:22  Drone  
  29  2:38  Hatchery  
  29  2:43  Drone  
  29  2:44  Drone  
  30  2:47  Pneumatized Carapace  
  31  2:51  Zergling x2  
  31  2:54  Overlord  
  31  3:00  Drone x2  
  31  3:05  Drone  
  34  3:08  Drone  
  34  3:12  Queen  
  37  3:17  Overlord  
  37  3:19  Drone  
  38  3:22  Zergling x2  
  38  3:23  Zergling x2  
  40  3:31  Drone x2  
  42  3:38  Lair  
  43  3:41  Drone x2  
  43  3:44  Drone x3  
  47  3:51  Queen  
  47  3:53  Drone x2  
  47  3:54  Drone  
  52  4:00  Roach Warren  
  51  4:09  Zergling x2  
  53  4:10  Zergling x2  
  53  4:11  Drone x2  
  53  4:13  Queen  
  53  4:14  Extractor x2  
  55  4:19  Drone  
  56  4:25  Overlord  
  56  4:29  Spore Crawler  
  55  4:32  Overlord  
  55  4:37  Overseer  
  55  4:38  Zergling x2  
  55  4:39  Zergling x4  
  55  4:40  Overlord x2  
  55  4:45  Overseer  
  58  4:46  Roach x3  
  63  4:53  Zergling x6  
  63  4:56  Drone x2  
  68  5:03  Drone x4  
  73  5:07  Drone x2  
  73  5:10  Overlord  
  74  5:14  Overlord  
  74  5:16  Roach  
  76  5:24  Roach x3  
  76  5:36  Roach  
  76  5:37  Roach x4  
  76  5:41  Roach  
  84  5:46  Roach  
  86  5:50  Drone x3  
  86  5:53  Drone x2  
  86  5:55  Drone x2  
  93  5:58  Drone x2  
  93  6:02  Drone  
  96  6:09  Overlord  
  96  6:10  Overlord  
  96  6:11  Overseer  
  96  6:14  Overlord  
  96  6:16  Extractor, Roach x2  
  99  6:22  Overlord  
  99  6:25  Roach x3  
  105  6:29  Roach x2  
  109  6:35  Drone x5  
  109  6:36  Drone  
  115  6:44  Drone x3  
  115  6:46  Drone x5  
  123  6:51  Roach x2  
  123  6:52  Ravager  
  123  6:53  Extractor, Ravager x3  
  130  6:55  Overlord  
  130  6:58  Roach  
  130  6:59  Zergling x2  
  133  7:03  Roach x2  
  137  7:14  Roach x4  
  140  7:25  Roach  
  140  7:28  Roach x9  
  131  7:33  Roach  
  131  7:35  Roach  
  127  7:41  Overseer  
Tags
 
Add a new tag
Caveats
  • Supply blocks, unpowered buildings, or Contaminate may cause inaccurate times.
  • Supply counts are checked every 10 seconds.